 Dungeon Crawl Stone Soup version 0.20.1-1-g8b1a95d (webtiles) character file.

5921 vatarom the Cleaver (level 10, 0/90 HPs)
             Began as a Yellow Draconian Chaos Knight on Oct 13, 2017.
             Killed from afar by an orc wizard (9 damage)
             ... with a puff of frost
             ... on level 9 of the Dungeon.
             The game lasted 00:20:31 (7533 turns).

vatarom the Cleaver (Yellow Draconian Chaos Knight) Turns: 7533, Time: 00:20:31

Health: 0/90       AC: 10    Str: 14 (16) XL:     10   Next: 53%
Magic:  14/14      EV: 17    Int: 12 (13) God:    Xom [.....*]
Gold:   425        SH:  0    Dex: 16 (17) Spells: 9/9 levels left

rFire    . . .     SeeInvis .   a - +1 hand axe (chaos)
rCold    . . .     Gourm    .   (no shield)
rNeg     . . .     Faith    .   (armour unavailable)
rPois    .         Spirit   .   (helmet restricted)
rElec    .         Reflect  .   (no cloak)
rCorr    +         Harm     .   l - +1 pair of gloves
MR       .....                  D - +0 pair of boots
Stlth    +.........             (no amulet)
Regen    0.3/turn               f - +3 ring of dexterity
MPRegen  0.2/turn               (no ring)

@: no status effects
A: spit acid, acid resistance, unfitting armour, blurry vision 1, deterioration
1, strong 1, cold-blooded, AC +7
a: Breathe Acid, Renounce Religion


You were on level 9 of the Dungeon.
You worshipped Xom.
You were Xom's teddy bear.
You were not hungry.

You visited 2 branches of the dungeon, and saw 10 of its levels.
You also visited: Sewer.

You collected 453 gold pieces.
You spent 28 gold pieces at shops.

Inventory:

Hand Weapons
 a - a +1 hand axe of chaos (weapon)
 y - a +0 war axe
Missiles
 d - 57 bolts
 i - 6 tomahawks of dispersal (quivered)
 u - 5 javelins of penetration
Armour
 l - a +1 pair of gloves (worn)
 D - a +0 pair of boots (worn)
Jewellery
 f - a +3 ring of dexterity (left hand)
Wands
 m - a wand of random effects (34/48)
 t - a wand of lightning (0/15)
 v - a wand of paralysis (0/24)
 w - a wand of digging (4/24)
 C - a wand of confusion (12/48)
Scrolls
 j - 4 scrolls of fog
 k - 6 scrolls of teleportation
 p - 3 scrolls of remove curse
 q - 2 scrolls of enchant armour
 r - a scroll of amnesia
 s - 4 scrolls of magic mapping
 B - 3 scrolls of identify
 F - 2 scrolls of enchant weapon
Potions
 e - 2 potions of brilliance
 g - a potion of degeneration
 h - 2 potions of might
 x - a potion of magic
 z - a potion of agility
Comestibles
 b - 6 bread rations
 n - 5 royal jellies
 o - 3 fruits
 A - 4 meat rations


   Skills:
 + Level 8.4 Fighting
 * Level 10.9 Axes
 + Level 7.1 Dodging
 + Level 6.0 Evocations


You had 9 spell levels left.
You didn't know any spells.

Dungeon Overview and Level Annotations

Branches:
Dungeon (9/15)             Temple (1/1) D:6
   Lair: D:8-11         Orc: D:9-12

Altars:
Ashenzari
Cheibriados
Dithmenos
Fedhas
Gozag
Hepliaklqana
Kikubaaqudgha
Makhleb
Nemelex Xobeh
Okawaru
Qazlal
Sif Muna
Trog
Uskayaw
Vehumet
Xom
Zin
The Shining One

Shops:
D:6 ?   D:7 !   D:8 }

Annotations:
D:4 Grinder


Innate Abilities, Weirdness & Mutations

You can spit globs of acid.
You are resistant to acid.
Your golden yellow scales are hard. (AC +7)
You cannot fit into any form of body armour.
You are cold-blooded and may be slowed by cold attacks.
Scrolls take you a little longer to read.
Your body sometimes deteriorates upon taking damage.
Your muscles are strong. (Str +2)


Message History

The puff of frost hits you!
* * * LOW HITPOINT WARNING * * *
Your shadow imp hits the orc wizard.
Unknown command.
You barely miss the orc wizard.
The orc wizard is lightly wounded.
The orc wizard hits you but does no damage.
Your shadow imp barely misses the orc wizard.
All of the chunks of flesh in your inventory have rotted away.
Unknown command.
You closely miss the orc wizard.
The orc wizard is lightly wounded.
The orc wizard hits you but does no damage.
Unknown command.
You hit the orc wizard. You burn the orc wizard.
The orc wizard is moderately wounded.
The orc wizard gestures at you while chanting.
The puff of frost hits you!
You die...
Xom chuckles heartily!

.## ... ∆ <.# ..... ..
#.#####..... ... ∆
#..>........ ##.....
............ ##.......
............. ∆ #..#.....
.............. ######(#......
...............##o5)..........
..)†............@)#).........
.....).......#####.)W....##.
...........# #.........#
.........#.# #............#
............ .........?...#..
............ #.....>......##
......<..... ##...........#
............ ...........>##
........... ..........$..


You could see a phantom, an orc wizard and a friendly shadow imp.

Vanquished Creatures
  2 two-headed ogres (D:9)
  An orc sorcerer (D:7)
  3 hippogriffs
  Sigmund (D:2)
  A human (D:7)
  The ghost of Thaneod the Skirmisher, an amateur MiFi (Sewer)
  3 hogs (D:7)
  A yak (D:7)
  2 sky beasts (D:6)
  An orc warrior (D:6)
  2 black bears (D:6)
  A phantom (D:7)
  4 ogres
  4 centaurs
  5 bullfrogs
  3 scorpions
  4 killer bees (D:8)
  2 howler monkeys
  5 crimson imps
  2 bullfrog zombies
  A centaur zombie (D:7)
  A hound (D:7)
  A jelly (D:5)
  2 orc priests
  A centaur skeleton (D:7)
  2 iguanas
  4 orc wizards
  A hound zombie (D:3)
  A worker ant zombie (D:5)
  A river rat (Sewer)
  9 adders
  3 shadow imps
  2 oozes (D:1)
  A worm (shapeshifter) (D:7)
  A dart slug (shapeshifter) (D:1)
  8 leopard geckos
  22 orcs
  4 ball pythons
  6 bats (D:3)
  7 giant cockroaches
  10 goblins
  8 hobgoblins
  12 jackals
  4 quokkas
  10 frilled lizards
  A frilled lizard (shapeshifter) (D:4)
  A giant cockroach zombie (D:6)
  11 kobolds
  A quokka zombie (D:7)
  25 rats
209 creatures vanquished.

Vanquished Creatures (collateral kills)
  The ghost of Frank the Skirmisher, an amateur OpFi (D:3)
  An orc priest (D:3)
  An orc (D:3)
3 creatures vanquished.

Vanquished Creatures (others)
  A worm (D:5)
1 creature vanquished.

Grand Total: 213 creatures vanquished

Notes
Turn   | Place    | Note
-------+----------+-------------------------------------------
     0 | D:1      | vatarom the Draconian Chaos Knight began the quest for the Orb.
     0 | D:1      | Reached XP level 1. HP: 19/19 MP: 1/1
    57 | D:1      | Reached XP level 2. HP: 26/26 MP: 2/2
   256 | D:1      | XOM: harmless Conj miscast
   338 | D:1      | Reached XP level 3. HP: 20/31 MP: 3/3
   966 | D:2      | XOM: harmless Conj miscast
  1004 | D:2      | Reached skill level 4 in Axes
  1034 | D:2      | Noticed Sigmund
  1039 | D:2      | Killed Sigmund
  1039 | D:2      | Reached skill level 5 in Axes
  1039 | D:2      | Reached XP level 4. HP: 41/41 MP: 4/4
  1039 | D:2      | Reached XP level 5. HP: 47/47 MP: 5/5
  1340 | D:2      | XOM: medium Air miscast
  1748 | D:3      | XOM: divination: detect creatures
  1856 | D:3      | Reached XP level 6. HP: 48/53 MP: 6/6
  1939 | D:3      | XOM: summons 2 friendly demons
  1956 | D:3      | Noticed Frank's ghost (amateur OpFi)
  1970 | D:3      | Killed Frank's ghost
  1970 | D:3      | Reached skill level 5 in Fighting
  1970 | D:3      | Reached skill level 6 in Axes
  2258 | D:4      | Found a glowing drain.
  2306 | Sewer    | Entered a sewer
  2363 | Sewer    | Your scales start taking on a golden yellow colour.
  2363 | Sewer    | Reached XP level 7. HP: 61/61 MP: 7/7
  2420 | Sewer    | Noticed Thaneod's ghost (amateur MiFi)
  2430 | Sewer    | Killed Thaneod's ghost
  2430 | Sewer    | Reached skill level 1 in Evocations
  2531 | Sewer    | XOM: give mutation
  2531 | Sewer    | Gained mutation: Scrolls take you a little longer to read. [Xom's mischief]
  2554 | Sewer    | XOM: give mutations
  2554 | Sewer    | Lost mutation: Scrolls take you a little longer to read. [Xom's grace]
  2554 | Sewer    | Gained mutation: You have supernaturally acute eyesight. (SInv) [Xom's grace]
  2554 | Sewer    | Gained mutation: You can translocate small distances at will. [Xom's grace]
  2554 | Sewer    | Gained mutation: Your tail ends in a poisonous barb. [Xom's grace]
  2768 | D:4      | XOM: stat loss: -1 Dex (11/12)
  2834 | D:4      | XOM: chaos upgrade
  2853 | D:4      | XOM: smoke on damage
  3012 | D:4      | XOM: mild Conj miscast
  3267 | D:4      | Reached skill level 7 in Axes
  3295 | D:4      | Noticed Grinder
  3324 | D:5      | Entered Level 5 of the Dungeon
  3367 | D:5      | Reached XP level 8. HP: 69/70 MP: 9/9
  3493 | D:5      | XOM: enchant monster (bad)
  3640 | D:5      | Noticed a moth of wrath
  3643 | D:5      | Found a bloodstained altar of Trog.
  3700 | D:5      | XOM: polymorph orc priest -> jelly
  3781 | D:6      | XOM: 2-stop teleportation journey
  3782 | D:6      | XOM: confuse monster(s)
  3786 | D:6      | XOM: harmless Summ miscast
  3803 | D:6      | Reached skill level 5 in Dodging
  3957 | D:6      | Reached skill level 8 in Axes
  4161 | D:6      | Found Asoheam's Magic Scroll Shoppe.
  4164 | D:6      | Bought a scroll of identify for 28 gold pieces
  4204 | D:6      | XOM: harmless Air miscast
  4292 | D:6      | XOM: harmless Necr miscast
  4357 | D:6      | Found a staircase to the Ecumenical Temple.
  4367 | Temple   | Entered the Ecumenical Temple
  4427 | Temple   | XOM: 1-stop teleportation journey
  4484 | Temple   | XOM: medium Necr miscast
  4520 | Temple   | XOM: give mutation
  4520 | Temple   | Gained mutation: Your large and strong wings let you fly indefinitely. [Xom's grace]
  4639 | D:6      | XOM: harmless Fire miscast
  4687 | D:6      | XOM: swap monsters
  4693 | D:6      | Reached XP level 9. HP: 74/78 MP: 11/11
  4731 | D:6      | XOM: summons 4 hostile demons
  4988 | D:7      | XOM: give mutations
  4988 | D:7      | Lost mutation: Your large and strong wings let you fly indefinitely. [Xom's mischief]
  4988 | D:7      | Gained mutation: Your muscles are strong. (Str +2) [Xom's mischief]
  4988 | D:7      | Lost mutation: Your tail ends in a poisonous barb. [Xom's mischief]
  4988 | D:7      | Gained mutation: Your body sometimes deteriorates upon taking damage. [Xom's mischief]
  5016 | D:7      | XOM: severe Chrm miscast
  5035 | D:7      | Found Daddiofo's Distillery.
  5095 | D:7      | Gained mutation: Your flesh is cold resistant. (rC+) [mutagenic glow]
  5184 | D:7      | Reached skill level 9 in Axes
  5224 | D:7      | XOM: stat loss: -1 Str (15/16)
  5337 | D:7      | XOM: divination: magic mapping
  5510 | D:7      | XOM: potion effect (might)
  5510 | D:7      | XOM: smoke on damage
  5523 | D:7      | XOM: confuse monster(s)
  5526 | D:7      | XOM: divination: magic mapping
  5532 | D:7      | Noticed an orc sorcerer
  5688 | D:7      | XOM: god gift: 15 bolts
  5917 | D:7      | XOM: give mutations
  5917 | D:7      | Gained mutation: You have large cloven feet. [Xom's mischief]
  5917 | D:7      | Lost mutation: You can translocate small distances at will. [Xom's mischief]
  5917 | D:7      | Gained mutation: Your body often deteriorates upon taking damage. [Xom's mischief]
  5917 | D:7      | Lost mutation: Your body often deteriorates upon taking damage. [Xom's mischief]
  5923 | D:7      | XOM: harmless Necr miscast
  5994 | D:7      | Got a polished war axe
  5995 | D:7      | Identified the cursed +1 war axe "Zasmuar" {freeze, Dex+2} (You found it on level 7 of the Dungeon)
  5996 | D:7      | XOM: divination: detect items
  5999 | D:7      | Noticed a hellwing
  6006 | D:7      | Killed an orc sorcerer
  6006 | D:7      | Reached skill level 10 in Axes
  6006 | D:7      | Reached skill level 5 in Evocations
  6211 | D:8      | Lost mutation: Your muscles are strong. (Str +2) [potion of mutation]
  6211 | D:8      | Lost mutation: Your body sometimes deteriorates upon taking damage. [potion of mutation]
  6211 | D:8      | Lost mutation: Your flesh is cold resistant. (rC+) [potion of mutation]
  6211 | D:8      | Lost mutation: You have large cloven feet. [potion of mutation]
  6211 | D:8      | Lost mutation: You have supernaturally acute eyesight. (SInv) [potion of mutation]
  6211 | D:8      | Gained mutation: You have large cloven feet. [potion of mutation]
  6211 | D:8      | Gained mutation: Scrolls take you a little longer to read. [potion of mutation]
  6211 | D:8      | Gained mutation: Your body sometimes deteriorates upon taking damage. [potion of mutation]
  6211 | D:8      | Gained mutation: You have an increased reservoir of magic. (+10% MP) [potion of mutation]
  6213 | D:8      | Lost mutation: You have an increased reservoir of magic. (+10% MP) [potion of mutation]
  6213 | D:8      | Lost mutation: You have large cloven feet. [potion of mutation]
  6213 | D:8      | Lost mutation: Scrolls take you a little longer to read. [potion of mutation]
  6213 | D:8      | Gained mutation: Scrolls take you a little longer to read. [potion of mutation]
  6213 | D:8      | Gained mutation: Your muscles are strong. (Str +2) [potion of mutation]
  6426 | D:8      | Found Fyddelirph's Gadget Emporium.
  6584 | D:8      | Reached XP level 10. HP: 80/88 MP: 13/13
  6617 | D:8      | XOM: cast spell 'Olgreb's Toxic Radiance'
  6895 | D:8      | XOM: silly message
  6933 | D:8      | XOM: mild Pois miscast
  7357 | D:9      | Noticed a two-headed ogre
  7359 | D:9      | XOM: cast spell 'Metabolic Englaciation'
  7368 | D:9      | XOM: fake destruction
  7374 | D:9      | Killed a two-headed ogre
  7377 | D:9      | HP: 4/88 [something/magic dart (2)]
  7492 | D:9      | XOM: confusion (+ monsters)
  7495 | D:9      | XOM: 2-stop teleportation journey
  7496 | D:9      | Noticed a two-headed ogre
  7502 | D:9      | XOM: summons 2 friendly demons
  7513 | D:9      | Killed a two-headed ogre
  7513 | D:9      | XOM: divination: detect items
  7516 | D:9      | XOM: polymorph orc warrior -> howler monkey
  7533 | D:9      | Killed from afar by an orc wizard

Skill      XL: |  1  2  3  4  5  6  7  8  9 10 |
---------------+-------------------------------+-----
Axes           | 5 6 7 8 10 | 10.9
Fighting       | 4 5 6 7 8 |  8.4
Dodging        | 3 4 5 6 7 |  7.1
Evocations     | 2 3 5 6 |  6.0

Action                   |  1- 3 |  4- 6 |  7- 9 | 10-12 || total
-------------------------+-------+-------+-------+-------++-------
Melee: Hand axe          |   106 |   157 |   370 |    84 ||   717
       Tailslap          |     9 |    14 |    67 |    12 ||   102
       War axe           |       |       |    26 |       ||    26
Throw: Tomahawk          |       |       |       |     1 ||     1
 Abil: Breathe Acid      |       |       |    12 |     2 ||    14
       Fly               |       |       |     1 |       ||     1
Evoke: Wand              |       |       |     9 |     7 ||    16
  Use: Scroll            |     5 |     5 |     6 |     1 ||    17
       Potion            |       |     1 |    12 |     3 ||    16
 Stab: Distracted        |     1 |       |       |     1 ||     2
       Paralysed         |     2 |       |    14 |     1 ||    17
       Sleeping          |       |     2 |     2 |     1 ||     5
       Confused          |       |       |     5 |       ||     5
       Petrified         |       |       |     4 |       ||     4
       Petrifying        |       |       |     2 |       ||     2
  Eat: Chunk             |     1 |     4 |     9 |       ||    14
       Fruit             |       |       |     2 |     1 ||     3
       Royal jelly       |       |       |     1 |       ||     1
       Bread ration      |       |       |     1 |     1 ||     2
Armor: Skin              |    29 |    49 |   125 |    36 ||   239
Dodge: Dodged            |    57 |   127 |   284 |    64 ||   532
